 Dungeon Crawl Stone Soup version 0.32-a0-350-g4f4d228785 (webtiles) character file.

Game seed: 421509367287779125

126396 BubbleThief the Devastator (level 16, -1/149 HPs)
             Began as a Black Draconian Conjurer on Feb 17, 2024.
             Was the Champion of Sif Muna.
             Slain by a bunyip (48 damage)
             ... on level 2 of the Swamp.
             The game lasted 01:25:19 (31797 turns).

BubbleThief the Devastator (DrCj)                  Turns: 31797, Time: 01:25:20

Health: -1/149     AC: 20    Str: 12    XL:     16   Next: 43%
Magic:  0/44       EV: 14    Int: 31    God:    Sif Muna [******]
Gold:   1145       SH:  5    Dex: 14    Spells: 25/45 levels left

rFire   . . .        k - +9 spear of the Enfolding Bear {freeze, ^Fragile Will+ Dex+2}
rCold   . . .        V - +0 buckler "Purcho" {rN+ Dex+3}
rNeg    + . .        (body armour unavailable)
rPois   +            i - +1 hat of Evolution {*Corrode Will+ MP+9}
rElec   +            E - +1 cloak {rPois}
rCorr   .            H - +2 pair of gloves {Stlth+}
SInv    .            D - +0 pair of boots
Will    +++..        Q - amulet of regeneration
Stlth   +++          w - +4 ring of protection
HPRegen 1.24/turn    B - +6 ring of intelligence
MPRegen 0.29/turn

%: corrode self (3%)
@: flying, studying Ranged Weapons
A: breathe lightning, AC +9, unfitting armour, big wings, electricity
resistance, cold-blooded
a: Breathe Lightning, Renounce Religion, Channel Magic, Forget Spell, Divine
Exegesis


You were on level 2 of the Swamp.
You worshipped Sif Muna.
Sif Muna was exalted by your worship.
You visited 5 branches of the dungeon, and saw 25 of its levels.
You also visited: Ossuary, Gauntlet and Ice Cave.

You collected 3060 gold pieces.
You spent 1915 gold pieces at shops.

Inventory:

Hand Weapons
 k - the +9 spear of the Enfolding Bear (weapon) {freeze, ^Fragile Will+ Dex+2}
   (You found it on level 3 of the Dungeon)

   Dex+2:     It affects your dexterity (+2).
   Will+:     It increases your willpower.
   ^Fragile:  It will be destroyed if unequipped.
Missiles
 z - 2 throwing nets
Armour
 i - the +1 hat of Evolution (worn) {*Corrode Will+ MP+9}
   (You found it in a Gauntlet)

   Will+:     It increases your willpower.
   MP+9:      It affects your magic capacity (+9).
   *Corrode:  It may corrode you when you take damage.
 D - a +0 pair of boots (worn)
 E - a +1 cloak of poison resistance (worn)
 H - a +2 pair of gloves of stealth (worn)
 V - the +0 buckler "Purcho" (worn) {rN+ Dex+3}
   (You acquired it on level 14 of the Dungeon)

   Dex+3:     It affects your dexterity (+3).
   rN+:       It protects you from negative energy.
Magical Staves
 c - a staff of air
 U - a staff of air
Jewellery
 w - a +4 ring of protection (left hand)
 A - a ring of see invisible
 B - a +6 ring of intelligence (right hand)
 K - a ring of resist corrosion
 N - a ring of protection from cold
 Q - an amulet of regeneration (around neck)
 R - a ring of poison resistance
 S - a ring of protection from fire
 W - a ring of wizardry
Wands
 a - a wand of digging (12)
 e - a wand of quicksilver (11)
 h - a wand of mindburst (3)
 o - a wand of iceblast (12)
 C - a wand of polymorph (9)
 M - a wand of charming (35)
Scrolls
 b - 3 scrolls of revelation
 f - 14 scrolls of teleportation
 q - 4 scrolls of blinking
 r - 4 scrolls of identify
 u - 2 scrolls of summoning
 v - 3 scrolls of enchant weapon
 y - 3 scrolls of fog
 F - 3 scrolls of torment
 I - 3 scrolls of poison
 O - 2 scrolls of immolation
 T - a scroll of enchant armour
Potions
 d - 4 potions of heal wounds
 g - a potion of lignification
 j - 6 potions of attraction
 l - a potion of invisibility
 m - 10 potions of curing
 n - 2 potions of berserk rage
 p - 7 potions of mutation
 s - 7 potions of brilliance
 t - 3 potions of enlightenment
 x - 4 potions of might
 J - a potion of cancellation
 L - a potion of haste
 P - a potion of ambrosia {unknown}
Miscellaneous
 G - a phial of floods


   Skills:
 + Level 15.0 Fighting
 - Level 6.0 Dodging
 - Level 1.7 Stealth
 + Level 5.1 Shields
 - Level 15.0 Spellcasting
 - Level 16.5 Conjurations
 + Level 15.0 Air Magic
 - Level 9.0 Invocations


You had 25 spell levels left.
You knew the following spells:

 Your Spells              Type           Power      Damage    Failure   Level
a - Flame Wave            Conj/Fire      65%        2d15      1%          4
b - Searing Ray           Conj           100%       2d8       0%          2
c - Freezing Cloud        Conj/Ice/Air   36%        6-21      1%          5
d - Arcjolt               Conj/Air       44%        1d54      1%          5
e - Airstrike             Air            43%        2d(7-23)  1%          4

Your spell library contained the following spells:

 Spells                   Type           Power      Damage    Failure   Level
 Magic Dart               Conj           100%       1d8       0%          1
 Swiftness                Air            86%        N/A       0%          3
 Sting                    Conj/Alch      100%       1d9       1%          1
 Cigotuvi's Dreadful Rot  Necr/Alch/Air  100%       N/A       1%          2
 Mercury Vapours          Alch/Air       100%       N/A       1%          2
 Brom's Barrelling Bould  Conj/Erth      65%        2d8       1%          4
 Fulminant Prism          Conj/Alch      32%        3d15      1%          4
 Iskenderun's Mystic Bla  Conj/Tloc      65%        2d13      1%          4
 Vhi's Electric Charge    Tloc/Air       100%       N/A       1%          4
 Apportation              Tloc           46%        N/A       2%          1
 Necrotise                Necr           92%        1d8       2%          1
 Summon Small Mammal      Summ           92%        N/A       2%          1
 Fireball                 Conj/Fire      32%        3d14      2%          5
 Blink                    Tloc           46%        N/A       3%          2
 Call Imp                 Summ           46%        N/A       3%          2
 Lesser Beckoning         Tloc           46%        N/A       3%          2
 Scorch                   Fire           46%        2d6       3%          2
 Call Canine Familiar     Summ           23%        N/A       8%          3
 Gell's Gravitas          Tloc           23%        N/A       8%          3
 Inner Flame              Hex/Fire       23%        N/A       8%          3
 Sigil of Binding         Hex            23%        N/A       8%          3
 Teleport Other           Tloc           23%        N/A       8%          3
 Tukima's Dance           Hex            23%        N/A       8%          3
 Volatile Blastmotes      Fire/Tloc      46%        2d13      8%          3
 Plasma Beam              Fire/Air       31%        2x1d44    19%         6
 Anguish                  Hex/Necr       11%        N/A       26%         4
 Cause Fear               Hex            11%        N/A       26%         4
 Dimensional Bullseye     Hex/Tloc       11%        N/A       26%         4
 Dispel Undead            Necr           23%        3d12      26%         4
 Ignite Poison            Fire/Alch      23%        N/A       26%         4
 Martyr's Knell           Necr/Summ      23%        N/A       26%         4
 Summon Blazeheart Golem  Fire/Summ      23%        N/A       26%         4
 Maxwell's Capacitive Co  Air            43%        ∞         34%         8
 Yara's Violent Unravell  Hex/Alch       11%        3d6       56%         5
 Spellforged Servitor     Conj/Summ      32%        N/A       58%         7
 Death Channel            Necr           11%        N/A       98%         6
 Summon Cactus Giant      Summ           11%        N/A       98%         6
 Lehudib's Crystal Spear  Conj/Erth      32%        10d8      99%         8
 Enfeeble                 Hex            11%        N/A       100%        7
 Ignition                 Fire           11%        3d5       100%        8
 Dragon's Call            Summ           11%        N/A       100%        9


Dungeon Overview and Level Annotations

Branches:
Dungeon (15/15)            Temple (1/1) D:5            Lair (5/5) D:11
  Swamp (2/4) Lair:2       Spider (0/4) Lair:3        Slime (0/5) Lair:4
    Orc (2/2) D:9             Elf (0/3) Orc:2        Vaults (0/5) D:14
Ossuary (visited)           IceCv (visited)         Gauntlet (visited)
 Depths: D:15

Altars:
Ashenzari
Cheibriados
Dithmenos
Elyvilon
Fedhas
Gozag
Hepliaklqana
Kikubaaqudgha
Makhleb
Nemelex Xobeh
Okawaru
Qazlal
Ru
Sif Muna
Trog
Uskayaw
Vehumet
Wu Jian
Xom
Yredelemnul
Zin
The Shining One
Jiyva

Shops:
D:1 **!(?   D:4 *   D:8 ?(   D:11 *   D:13 [   Orc:1 :   Orc:2 (((?[

Annotations:
D:4 1 runed translucent door
Swamp:1 Roxanne


Innate Abilities, Weirdness & Mutations

You can breathe wild blasts of lightning.
Your glossy black scales are hard. (AC +9)
You cannot fit into any form of body armour.
Your large and strong wings let you fly.
You are resistant to electric shocks. (rElec)
You are cold-blooded and may be slowed by cold attacks.


Message History

A +2 spectral quarterstaff comes into view.
You puncture the spriggan druid! You freeze the spriggan druid.
The spriggan druid is heavily wounded.
The spriggan druid hits you but does no damage.
The +2 spectral quarterstaff closely misses you.
The spriggan druid hits you but does no damage.
The +2 spectral quarterstaff hits you.
You puncture the spriggan druid! You freeze the spriggan druid.
You tail-slap the spriggan druid.
The spriggan druid is almost dead.
You block the spriggan druid's attack.
The +2 spectral quarterstaff completely misses you.
Unknown command.
You closely miss the spriggan druid.
Your tail-slap misses the spriggan druid.
The spriggan druid is almost dead.
A bunyip comes into view.
The spriggan druid closely misses you. The +2 spectral quarterstaff hits you.
Unknown command.
You puncture the spriggan druid! You freeze the spriggan druid.
With its final breath, the spriggan druid offers up its power to the beasts of the wild!
The bunyip seems to grow more fierce.
You kill the spriggan druid!
Sif Muna accepts your kill.
The +2 spectral quarterstaff disappears.
You hit the bunyip. You freeze the bunyip.
The bunyip is lightly wounded.
The bunyip claws you!!! The bunyip closely misses you. The bunyip claws you!!
Unknown command.
Casting: Arcjolt (safe; 1% risk of failure)
Confirm with . or Enter, or press ? or * to list all spells.
Electricity surges outward!
The bunyip is struck by an electric surge!
The bunyip is moderately wounded.
Unknown command.
Unknown command.
You hit the bunyip but do no damage.
The bunyip is moderately wounded.
The bunyip closely misses you. The bunyip claws you!! The bunyip claws you!!!
You die...

♣♣...♣ ~~.... ♣..♣~♣
♣~...♣. ♣♣>.♣.♣♣♣♣♣.~~....
♣♣ ♣..♣.........§..
♣♣~♣♣♣.♣♣.........§♣
♣~.~♣♣.♣...####.☼°.♣
♣~.~..♣..#...#.§§§♣♣ ♣♣
♣♣.~♣~.......'.....♣ ♣♣..
♣.~..§...x@)##.#.#♣
♣§...♣♣.......#......÷.♣
♣.~~♣...~†~..#....##...♣
♣.~..~.~........)..#!...#
♣....~.~.....#.....#....#
♣~...~...~...#.....#......
♣~.~.~....~...##.########÷!
♣♣~♣...~.†§.............. .
♣♣♣♣♣~.......^..........


You could see a bunyip (strong).

Vanquished Creatures
  Jorgrun (Orc:2)
  A thorn hunter (Swamp:2)
  2 fenstrider witches
  The ghost of Geivij the Markstengu, a journeyman TeDe of Zin (Orc:1)
  A bunyip (Swamp:1)
  An eleionoma (Lair:2)
  A minotaur (Gauntlet)
  A green death (Gauntlet)
  An ettin (Orc:2)
  A shambling mangrove (Swamp:1)
  4 vault guards (D:14)
  Fannar (Orc:1)
  A spriggan air mage (Swamp:1)
  An ice dragon (D:12)
  A catoblepas (D:14)
  6 ogre magi
  8 hydras
  A rakshasa (D:12)
  3 centaur warriors
  23 two-headed ogres
  2 alligators (Swamp:1)
  A death knight (D:12)
  2 deep troll earth magi (D:14)
  2 boulder beetles
  7 death yaks
  An occultist (D:11)
  A deep elf knight (D:14)
  2 skeletal warriors
  A goliath frog (Swamp:1)
  A skyshark (Lair:5)
  A storm dragon skeleton (D:15)
  2 spriggan druids
  A harpy (shapeshifter) (D:13)
  4 orc knights
  A death drake (Swamp:1)
  A lindwurm (shapeshifter) (D:15)
  2 arcanists (D:11)
  3 deep elf pyromancers
  Pikel (D:4)
  A necromancer (D:15)
  5 orc sorcerers
  9 ugly things
  6 manticores
  6 elephants (Lair:5)
  3 cyclopes
  2 meliai (D:12)
  A guardian serpent (D:15)
  2 will-o-the-wisps (Swamp:1)
  2 black mambas
  An ice statue (IceCv)
  A black mamba (shapeshifter) (D:14)
  2 gargoyles (D:12)
  21 cane toads
  A torpor snail (Lair:5)
  An ice devil (IceCv)
  An unseen horror (D:7)
  5 rime drakes
  2 efreet
  A yaktaur (shapeshifter) (D:14)
  A minotaur zombie (Gauntlet)
  5 komodo dragons
  A kobold demonologist (D:11)
  An anaconda simulacrum (IceCv)
  4 tyrant leeches
  8 trolls
  4 hornets
  3 polar bears (Lair:5)
  A wolf spider simulacrum (D:14)
  23 blink frogs
  3 jumping spiders (Lair:3)
  A dire elephant simulacrum (IceCv)
  4 shadows (D:11)
  26 slime creatures
  3 spriggans (Swamp:1)
  3 culicivoras (Lair:3)
  Sigmund (D:2)
  4 centaur simulacra
  30 yaks
  4 wyverns
  A vampire (D:9)
  2 wraiths
  2 basilisks
  A warg (Orc:1)
  The ghost of jestert79 the Ruffian, an amateur DrHs (D:4)
  4 redbacks (Lair:3)
  28 vampire mosquitoes
  A neqoxec (Gauntlet)
  3 death yak simulacra (IceCv)
  3 chaos spawn (Gauntlet)
  5 swamp worms
  3 acid dragons
  11 water moccasins
  2 hydra simulacra (IceCv)
  2 swamp drakes
  A meliai simulacrum (Gauntlet)
  4 black bears
  2 laughing skulls (D:13)
  20 orc warriors
  18 wolves
  The ghost of Rhaen the Trooper, an amateur AtFi of Trog (D:3)
  A boggart (D:12)
  33 ogres
  7 centaurs
  2 elf zombies (Ossuary)
  4 kobold brigands
  3 two-headed ogre simulacra (IceCv)
  Blork the orc (D:4)
  24 bullfrogs
  A gnoll sergeant (D:7)
  2 scorpions (D:5)
  5 wights (D:8)
  A hornet simulacrum (Gauntlet)
  20 killer bees
  8 howler monkeys
  An elephant simulacrum (IceCv)
  5 electric eels
  3 bombardier beetles
  A centaur zombie (Ossuary)
  2 jellies
  14 orc priests
  2 hounds (D:5)
  2 sleepcaps
  A gnoll bouda (D:8)
  2 human zombies (Ossuary)
  3 iguanas
  Terence (D:3)
  2 hell rats (D:11)
  8 spriggan simulacra (IceCv)
  22 orc wizards
  8 troll simulacra (IceCv)
  2 wolf simulacra (IceCv)
  7 hound zombies (Ossuary)
  2 mummies (Ossuary)
  15 gnolls
  6 naga simulacra (IceCv)
  2 river rats
  10 adders
  2 shadow imps
  6 white imps (IceCv)
  8 ufetubi
  6 adder zombies (Ossuary)
  4 dart slugs
  2 ribbon worms
  79 orcs
  13 ball pythons
  4 bats
  3 endoplasms
  7 giant cockroaches
  5 goblins
  11 hobgoblins
  5 jackals
  24 kobolds
  4 quokkas
  4 frilled lizards
  3 gnoll zombies (Ossuary)
  3 jackal zombies (Ossuary)
  5 kobold zombies (Ossuary)
  8 orc zombies (Ossuary)
  11 rats
  2 butterflies (D:9)
866 creatures vanquished.

Vanquished Creatures (others)
  A minotaur zombie (Gauntlet)
  A bloated husk (Swamp:1)
  A centaur simulacrum (D:14)
  6 foxfires (Swamp:1)
9 creatures vanquished.

Grand Total: 875 creatures vanquished

Notes
Turn   | Place    | Note
-------+----------+-------------------------------------------
     0 | D:1      | BubbleThief the Draconian Conjurer began the quest for the
                  | Orb.
     0 | D:1      | Reached XP level 1. HP: 14/14 MP: 3/3
   109 | D:1      | Reached XP level 2. HP: 20/20 MP: 3/5
   158 | D:1      | Found Arhamoal's Distillery.
   362 | D:1      | Found Gayruem's Assorted Antiques.
   368 | D:1      | Reached XP level 3. HP: 26/26 MP: 3/6
   399 | D:1      | Found Noecekot's Weapon Boutique.
   601 | D:1      | Found Ewkuc's Assorted Antiques.
   737 | D:1      | Reached skill level 5 in Conjurations
   967 | D:1      | Found Zapiogiv's Magic Scroll Emporium.
  1405 | D:2      | Reached XP level 4. HP: 33/33 MP: 6/8
  1785 | D:2      | Learned a level 2 spell: Searing Ray
  1885 | D:2      | Identified the +7 trident of Breach {holy, rPois Str+3
                  | Int-2}
  2326 | D:2      | Noticed Sigmund
  2331 | D:2      | Killed Sigmund
  2332 | D:2      | Reached skill level 6 in Conjurations
  2332 | D:2      | Reached XP level 5. HP: 38/38 MP: 1/10
  2332 | D:2      | Reached XP level 6. HP: 45/45 MP: 1/11
  2496 | D:3      | Noticed Terence
  2505 | D:3      | Killed Terence
  2593 | D:3      | Found a runed translucent door.
  2593 | D:3      | Noticed Rhaen's ghost (amateur AtFi)
  2676 | D:3      | Found a white marble altar of Elyvilon.
  2693 | D:3      | Identified the +9 spear of the Enfolding Bear {freeze,
                  | ^Fragile Will+ Dex+2}
  3219 | D:3      | Found an ancient bone altar of Kikubaaqudgha.
  3397 | D:3      | Killed Rhaen's ghost
  3398 | D:3      | Reached skill level 1 in Fighting
  3398 | D:3      | Reached skill level 7 in Conjurations
  3398 | D:3      | Your scales start taking on a glossy black colour.
  3398 | D:3      | Reached XP level 7. HP: 18/52 MP: 1/13
  3398 | D:3      | Gained mutation: You are resistant to electric shocks.
                  | (rElec) [Black Draconian growth]
  3595 | D:4      | Found Cmyrhidu's Commerce Corner.
  3613 | D:4      | Noticed Pikel
  3631 | D:4      | Killed Pikel
  3632 | D:4      | Reached skill level 5 in Spellcasting
  3727 | D:4      | Found a runed translucent door.
  3730 | D:4      | Reached XP level 8. HP: 66/66 MP: 10/15
  3779 | D:4      | Found a sand-covered staircase.
  3784 | Ossuary  | Entered an ossuary
  4109 | Ossuary  | Reached skill level 8 in Conjurations
  4493 | D:4      | Identified the +6 whip of the Flying Mosquito {heavy, rPois
                  | Str+2 Int-3}
  4501 | D:4      | Noticed jestert79's ghost (amateur DrHs)
  4569 | D:4      | Noticed Blork the orc
  4577 | D:4      | Killed Blork the orc
  4578 | D:4      | Reached skill level 5 in Fighting
  4629 | D:4      | Identified the +6 dagger "Yhixac" {heavy, Int+3}
  5153 | D:4      | Found a runed translucent door.
  5359 | D:4      | Killed jestert79's ghost
  5360 | D:4      | Reached XP level 9. HP: 62/75 MP: 3/18
  5494 | D:5      | Entered Level 5 of the Dungeon
  5569 | D:5      | Found a staircase to the Ecumenical Temple.
  5578 | Temple   | Entered the Ecumenical Temple
  5583 | Temple   | Became a worshipper of Sif Muna the Loreminder
  5681 | D:5      | Found a shadowy altar of Dithmenos.
  5751 | D:5      | Reached skill level 9 in Conjurations
  6009 | D:5      | Found a hide-covered altar of Uskayaw.
  6744 | D:6      | Found an opulent altar of Gozag.
  6779 | D:6      | Reached * piety under Sif Muna
  7332 | D:7      | Identified the +1 dagger "Asetzeud" {drain, rElec Int+3}
  7538 | D:7      | Killed an unseen horror
  7539 | D:7      | Reached skill level 1 in Air Magic
  7662 | D:7      | Learned a level 5 spell: Freezing Cloud
  7684 | D:7      | Reached ** piety under Sif Muna
  7684 | D:7      | Noticed a two-headed ogre
  7696 | D:7      | Killed a two-headed ogre
  7697 | D:7      | Reached XP level 10. HP: 41/90 MP: 1/22
  7958 | D:7      | Found a snail-covered altar of Cheibriados.
  8004 | D:7      | Found a sacrificial altar of Ru.
  8100 | D:7      | Found a hazy altar of Hepliaklqana.
  8361 | D:8      | Found Yraj's Weapon Shop.
  9535 | D:8      | Found Rimibbu's Magic Scroll Emporium.
  9538 | D:8      | Bought a scroll of teleportation for 39 gold pieces
  9615 | D:9      | Found a shimmering altar of Xom.
  9619 | D:9      | Reached skill level 5 in Air Magic
  9923 | D:9      | Found a staircase to the Orcish Mines.
  9927 | D:9      | Reached *** piety under Sif Muna
 11058 | D:10     | Entered Level 10 of the Dungeon
 11058 | D:10     | Noticed a manticore
 11063 | D:10     | Killed a manticore
 11064 | D:10     | Reached skill level 10 in Fighting
 11152 | D:10     | Noticed a green ugly thing
 11159 | D:10     | Killed a green ugly thing
 11174 | D:10     | Found an iron altar of Okawaru.
 11591 | D:10     | Reached XP level 11. HP: 98/100 MP: 24/24
 12125 | D:10     | Found a sparkling altar of Nemelex Xobeh.
 12295 | D:11     | Found Icashria's Assorted Antiques.
 12300 | D:11     | Bought a glowing cloak for 195 gold pieces
 12305 | D:11     | Bought a runed cloak for 195 gold pieces
 12714 | D:11     | Noticed an occultist
 12715 | D:11     | Noticed a two-headed ogre
 12719 | D:11     | Killed an occultist
 12719 | D:11     | Reached **** piety under Sif Muna
 12721 | D:11     | Reached skill level 10 in Spellcasting
 12729 | D:11     | Killed a two-headed ogre
 12734 | D:11     | HP: 3/102 [something (13)]
 13233 | D:11     | Noticed an arcanist
 13237 | D:11     | Killed an arcanist
 13392 | D:11     | Found a staircase to the Lair.
 13394 | D:11     | Noticed a death yak
 13404 | D:11     | Killed a death yak
 13572 | Lair:1   | Entered Level 1 of the Lair of Beasts
 13624 | Lair:1   | Found a gate leading to a gauntlet.
 13633 | Gauntlet | Entered a Gauntlet
 13633 | Gauntlet | Found a large runed translucent door.
 13633 | Gauntlet | Found a large runed translucent door.
 13633 | Gauntlet | Found a large runed translucent door.
 13633 | Gauntlet | Found a large runed translucent door.
 13633 | Gauntlet | Found a runed translucent door.
 13633 | Gauntlet | Found a large runed translucent door.
 13633 | Gauntlet | Found a large runed translucent door.
 13633 | Gauntlet | Found a transporter.
 13633 | Gauntlet | Found a transporter.
 13633 | Gauntlet | Found a large runed translucent door.
 13633 | Gauntlet | Found a large runed translucent door.
 13633 | Gauntlet | Found a runed translucent gate.
 13633 | Gauntlet | Found a runed translucent gate.
 13633 | Gauntlet | Found a transporter.
 13641 | Gauntlet | Found a transporter.
 13643 | Gauntlet | Found a transporter.
 13657 | Gauntlet | Found a transporter.
 13666 | Gauntlet | Noticed a hell beast
 13667 | Gauntlet | Noticed a green death
 13669 | Gauntlet | Found a transporter.
 13696 | Gauntlet | Found a transporter.
 13740 | Gauntlet | Found a runed translucent door.
 13741 | Gauntlet | Found a large runed translucent door.
 13741 | Gauntlet | Found a large runed translucent door.
 13741 | Gauntlet | Found a large runed translucent door.
 13741 | Gauntlet | Found a large runed translucent door.
 13742 | Gauntlet | Found a large runed translucent door.
 13742 | Gauntlet | Found a large runed translucent door.
 13743 | Gauntlet | Found a large runed translucent door.
 13743 | Gauntlet | Found a large runed translucent door.
 13752 | Gauntlet | Found a runed translucent gate.
 13758 | Gauntlet | Found a transporter.
 13770 | Gauntlet | Found a transporter.
 13772 | Gauntlet | Found a transporter.
 13784 | Gauntlet | Found a transporter.
 14063 | Gauntlet | Identified the +1 hat of Evolution {*Corrode Will+ MP+9}
 14070 | Gauntlet | Killed a green death
 14071 | Gauntlet | Reached skill level 10 in Air Magic
 14071 | Gauntlet | Reached XP level 12. HP: 104/112 MP: 15/26
 14134 | Gauntlet | Noticed a minotaur
 14149 | Gauntlet | Killed a minotaur
 14650 | Lair:1   | Noticed a death yak
 14656 | Lair:1   | Noticed a death yak
 14667 | Lair:1   | Noticed a death yak
 14670 | Lair:1   | Killed a death yak
 14672 | Lair:1   | Killed a death yak
 14680 | Lair:1   | Killed a death yak
 15208 | Lair:1   | Reached ***** piety under Sif Muna
 15846 | Lair:2   | Found a staircase to the Swamp.
 15846 | Lair:2   | Noticed an eleionoma
 15859 | Lair:2   | Killed an eleionoma
 15860 | Lair:2   | Reached skill level 1 in Invocations
 16708 | Lair:3   | Noticed a death yak
 16709 | Lair:3   | Noticed a death yak
 16710 | Lair:3   | Noticed a death yak
 16726 | Lair:2   | Killed a death yak
 16728 | Lair:2   | Killed a death yak
 17225 | Lair:3   | Killed a death yak
 17273 | Lair:3   | Received a gift from Sif Muna
 17274 | Lair:3   | Reached skill level 5 in Invocations
 17417 | Lair:3   | Reached XP level 13. HP: 108/118 MP: 29/29
 17488 | Lair:3   | Found a hole to the Spider Nest.
 17642 | Lair:3   | Reached skill level 5 in Dodging
 18604 | Lair:3   | Learned a level 4 spell: Flame Wave
 18609 | Lair:3   | Learned a level 4 spell: Iskenderun's Mystic Blast
 19653 | Lair:4   | Found a viscous altar of Jiyva.
 19653 | Lair:4   | Found a staircase to the Slime Pits.
 19984 | Lair:5   | Entered Level 5 of the Lair of Beasts
 20305 | Lair:5   | Reached skill level 10 in Conjurations
 20445 | Lair:5   | Received a gift from Sif Muna
 20459 | Lair:5   | Got Sif Muna's Discursus on Breezy Blows {god gift}
 20472 | Lair:5   | Learned a level 4 spell: Airstrike
 20807 | Lair:5   | Gained mutation: Your large and strong wings let you fly.
                  | [Black Draconian growth]
 20807 | Lair:5   | Reached XP level 14. HP: 129/129 MP: 28/31
 21119 | Lair:5   | Reached skill level 11 in Conjurations
 22347 | Orc:1    | Entered Level 1 of the Orcish Mines
 22347 | Orc:1    | Found a frozen archway.
 22467 | IceCv    | Entered an ice cave
 22555 | IceCv    | Received a gift from Sif Muna
 22891 | IceCv    | Learned a level 5 spell: Arcjolt
 23647 | IceCv    | Identified the +1 sling of Topiu {flame, Will- Str+4
                  | Stlth+}
 23884 | Orc:1    | Noticed Fannar
 23895 | Orc:1    | Killed Fannar
 24068 | Orc:1    | Found Taecs's Book Shop.
 24388 | Orc:1    | Found a runed translucent door.
 24390 | Orc:1    | Noticed Geivij's ghost (journeyman TeDe)
 24559 | Orc:1    | Killed Geivij's ghost
 24853 | D:1      | Bought a potion of mutation for 120 gold pieces
 24853 | D:1      | Bought a scroll of teleportation for 45 gold pieces
 24853 | D:1      | Bought a twisted wooden ring for 75 gold pieces
 24938 | D:4      | Bought a manual of Conjurations for 1120 gold pieces
 25086 | Orc:2    | Entered Level 2 of the Orcish Mines
 25092 | Orc:2    | Noticed Jorgrun
 25100 | Orc:2    | Killed Jorgrun
 25242 | Orc:2    | Found a staircase to the Elven Halls.
 25378 | Orc:2    | Reached skill level 12 in Conjurations
 25566 | Orc:2    | Received a gift from Sif Muna
 25567 | Orc:2    | Got Sif Muna's Codex of Fulgurous Elsewhere {god gift}
 25628 | Orc:2    | Found Lokil's Magic Scroll Boutique.
 25628 | Orc:2    | Found Buborr's Antique Armour Emporium.
 25639 | Orc:2    | Found Susono's Weapon Shoppe.
 25639 | Orc:2    | Found Iczour's Weapon Boutique.
 25666 | Orc:2    | Reached ****** piety under Sif Muna
 25776 | Orc:2    | Reached XP level 15. HP: 139/139 MP: 27/33
 25907 | Orc:2    | Bought a scroll of teleportation for 42 gold pieces
 25907 | Orc:2    | Bought a scroll of teleportation for 42 gold pieces
 25907 | Orc:2    | Bought a scroll of teleportation for 42 gold pieces
 25929 | Orc:2    | Found Kurove Qump's Antique Weapon Shop.
 26042 | Orc:2    | Reached skill level 13 in Conjurations
 26429 | D:12     | Reached skill level 15 in Fighting
 26832 | D:12     | Received a gift from Sif Muna
 26835 | D:12     | Got Sif Muna's Discourse on Enchanted Accelerants {god
                  | gift}
 27106 | D:12     | You are sucked into a shaft and drop 3 floors!
 27106 | D:15     | Entered Level 15 of the Dungeon
 27346 | D:15     | Reached skill level 14 in Conjurations
 27882 | D:14     | Identified the amulet of the King {Faith ^Fragile rPois
                  | Dex+3}
 27882 | D:14     | Noticed a tengu reaver
 28449 | D:14     | Found a gate to the Vaults.
 28469 | D:14     | Reached skill level 15 in Conjurations
 28613 | D:14     | Identified a scroll of acquirement
 28613 | D:14     | Acquired the +0 buckler "Purcho" {rN+ Dex+3}
 28753 | D:13     | Received a gift from Sif Muna
 28754 | D:13     | Reached skill level 15 in Spellcasting
 28890 | D:13     | Reached skill level 1 in Shields
 28904 | D:13     | Reached XP level 16. HP: 141/149 MP: 31/35
 29160 | D:13     | Reached skill level 15 in Air Magic
 29411 | D:13     | Found Venwal's Antique Armour Boutique.
 30143 | D:12     | Identified the +0 long sword "Owisoj" {freeze, rPois rF-
                  | rN+++}
 30308 | Swamp:1  | Entered Level 1 of the Swamp
 30534 | Swamp:1  | Identified the +4 quarterstaff of the Cup {protect, rPois
                  | rF+}
 30780 | Swamp:1  | Reached skill level 16 in Conjurations
 31162 | Swamp:1  | Noticed Roxanne
 31603 | Swamp:2  | Noticed a thorn hunter
 31612 | Swamp:2  | Killed a thorn hunter
 31747 | Swamp:2  | Reached skill level 5 in Shields
 31797 | Swamp:2  | Slain by a bunyip

Illustrated notes

Levels and vault maps discovered:
D:1:      elethiomel_arrival_infinity_welcomes_careful_drivers, layout_basic,
          serial_shops, shop, shop, nicolae_shop_stone, shop, shop
D:2:      layout_basic, uniq_sigmund
D:3:      layout_basic, lemuel_crystal_altar, mainiacjoe_overflow_alcove_4,
          hellmonk_ghost_happy_afterlife, uniq_terence
D:4:      layout_basic, enter_ossuary_2, ebering_ghost_sewer_f,
          roderic_lattice_a, nicolae_alphabet_shops, uniq_blork_the_orc,
          uniq_pikel
D:5:      layout_basic, eat_drink_and_be_merry_uskayaw, grunt_dithmenos_smoke,
          minmay_temple_entry_statues
D:6:      layout_cave_pools, kennysheep_mini
D:7:      layout_basic, nicolae_ru_great_annihilating_truth,
          mainiacjoe_overflow_swirl, hangedman_decor_lopped, minmay_manual_mail
D:8:      layout_rooms, serial_shops, nicolae_shop_tiny_waterfront,
          nicolae_shop_real_fake_doors, roderic_roman_lattice,
          nicolae_concentric_dashed_squares_wild
D:9:      layout_loops_ring, xom_butterflies, erik_orc_1
D:10:     layout_stronghold, okawaru_trees_2, mainiacjoe_overflow_brackets,
          serial_glass, glass_columns_a, glass_columns_a, glass_columns_a,
          nicolae_wwwww
D:11:     layout_stronghold, dpeg_lair_monsters, serial_shops,
          nicolae_stop_n_shop_2, nicolae_doodle_vault
D:12:     minmay_crescents, layout_stronghold
D:13:     layout_rooms, serial_shops, nicolae_shop_rolling_square
D:14:     minmay_complete_graph, layout_loops_cross,
          lightli_vaults_fourway_checkpoint, minivault_19
D:15:     gammafunk_depths_entry_grave, layout_rooms, minmay_misc_feat_doors,
          nrook_guardian_serpent_double, uniq_nessos
Temple:   minmay_freezing_vapour_temple
Lair:1:   layout_roguey, gauntlet_entry_generic, grunt_megastairs_2
Lair:2:   layout_layer_cave, alex1729_swamp_entry_worm_eleionoma,
          lemuel_fruit_tree, lemuel_fruit_fields, lemuel_fruit_fields
Lair:3:   layout_loops_ring, nicolae_spider_entry_tight_spaces,
          beast_lair_carwin_8, grunt_megastairs_3
Lair:4:   layout_cave_pods, slime_entry_1, serial_bayou_shore_b,
          grunt_megastairs_4, serial_bayou_shore_a, infiniplex_staircase_pool,
          serial_bayou_shore_b
Lair:5:   minmay_lair_end_frog_pond, layout_concentric_octagons,
          pdpol_lair_neglected_garden
Swamp:1:  layout_basic_swamp, nicolae_swamp_oxbows,
          nicolae_swamp_soggy_hallways, nicolae_swamp_long_stream, uniq_roxanne
Swamp:2:  layout_falls_marsh, evilmike_swamp_ruin_house_5, swamp_pool_3,
          nzn_swamp_stair_ambush
Orc:1:    layout_diamond_mine, gammafunk_ghost_grave, serial_shops, shop,
          portal_ice_cave_entry_pillars_2, uniq_fannar
Orc:2:    st_orc_ogre_mass, layout_caves, serial_shops,
          nicolae_shop_tiny_real_fake_doors, uniq_jorgrun

Skill      XL: |  1  2  3  4  5  6  7  8  9 10 11 12 13 14 15 16 |
---------------+-------------------------------------------------+-----
Conjurations   | 5 6 7 8 9 10 12 15 16 | 16.5
Spellcasting   | 3 4 5 6 8 9 10 12 13 14 15 | 15.0
Fighting       | 1 3 5 8 10 12 13 14 15 | 15.0
Air Magic      | 3 7 10 12 13 14 15 | 15.0
Dodging        | 4 6 |  6.0
Invocations    | 5 6 8 9 |  9.0
Shields        | 1 5 |  5.1
Stealth        | |  1.7

Action                     |  1- 3 |  4- 6 |  7- 9 | 10-12 | 13-15 | 16-18 || total
---------------------------+-------+-------+-------+-------+-------+-------++-------
  Melee: Unarmed           |     2 |       |       |       |       |       ||     2
         Tailslap          |     3 |       |     7 |    20 |    81 |    24 ||   135
         Staff             |    11 |       |       |       |       |       ||    11
         Spear             |       |     3 |    84 |   179 |   587 |   116 ||   969
         Trident           |       |     1 |       |       |       |       ||     1
   Cast: Magic Dart        |    55 |    86 |    56 |    43 |       |       ||   240
         Searing Ray       |       |    10 |    64 |   101 |    55 |     2 ||   232
         Freezing Cloud    |       |       |       |    39 |    93 |    17 ||   149
         Airstrike         |       |       |       |       |    32 |     4 ||    36
         Flame Wave        |       |       |       |       |    11 |     1 ||    12
         Iskenderun's Myst |       |       |       |       |     1 |       ||     1
         Arcjolt           |       |       |       |       |   139 |    62 ||   201
 Invoke: Channel Magic     |       |       |       |       |     1 |       ||     1
Ability: Breathe Lightning |       |       |     1 |       |    12 |     1 ||    14
  Evoke: Wand              |       |       |     3 |     6 |       |       ||     9
         Phial of floods   |       |       |       |     1 |       |       ||     1
    Use: Scroll            |       |       |       |    25 |     5 |       ||    30
         Potion            |       |       |       |     2 |       |       ||     2
   Stab: Sleeping          |       |     1 |       |     1 |     5 |     1 ||     8
         Paralysed         |       |       |       |     1 |       |       ||     1
         Distracted        |       |       |       |       |     2 |     1 ||     3
         Petrified         |       |       |       |       |     5 |       ||     5
 Armour: Skin              |    17 |    12 |   132 |   352 |   564 |   125 ||  1202
  Dodge: Dodged            |    26 |    12 |   102 |   217 |   499 |    81 ||   937
  Block: Buckler           |       |       |       |       |       |    17 ||    17

Table legend: (Time is in decaauts)
 A = Elapsed time spent in this place.
 B = Non-inter-level travel time spent in this place.
 C = Inter-level travel time spent in this place.
 D = Time resting spent in this place.
 E = Time spent auto-exploring this place.
 F = Levels seen in this place.
 G = Mean time per level.
                   A        B        C        D        E       F      G
               +--------+--------+--------+--------+--------+-----+--------+
         Total |  32018 |  30619 |   1399 |   1741 |  23009 |  28 | 1143.5 |
       Dungeon |  18047 |  17053 |    994 |    690 |  13435 |  15 | 1203.1 |
        Temple |     10 |      6 |      4 |      0 |      0 |   1 |   10.0 |
          Lair |   7237 |   6900 |    337 |    184 |   5471 |   5 | 1447.4 |
         Swamp |   1517 |   1512 |      5 |      0 |   1248 |   2 |  758.5 |
  Orcish Mines |   2170 |   2113 |     57 |    187 |   1368 |   2 | 1085.0 |
       Ossuary |    616 |    616 |      0 |      0 |    437 |   1 |  616.0 |
      Ice Cave |   1408 |   1408 |      0 |    152 |    856 |   1 | 1408.0 |
      Gauntlet |   1009 |   1009 |      0 |    528 |    193 |   1 | 1009.0 |
               +--------+--------+--------+--------+--------+-----+--------+

Top non-repeatable levels by time:
    D:11: 1879 daAuts
  Lair:3: 1703 daAuts
     D:9: 1646 daAuts
  Lair:5: 1549 daAuts
  Lair:4: 1501 daAuts
  Lair:2: 1483 daAuts
    D:12: 1482 daAuts
   IceCv: 1408 daAuts
     D:4: 1406 daAuts
     D:1: 1329 daAuts
 Swamp:1: 1307 daAuts
    D:10: 1294 daAuts
     D:8: 1279 daAuts
     D:7: 1248 daAuts
     D:2: 1240 daAuts
